 Dungeon Crawl Stone Soup version 0.17-a0-1-g1f4be75 (webtiles) character file.

28 vatarom the Ruffian (level 3, 0/30 HPs)
             Began as a Draconian Transmuter on Mar 8, 2015.
             Slain by a worm (10 damage)
             ... on level 2 of the Dungeon.
             The game lasted 00:03:04 (1383 turns).

vatarom the Ruffian (Draconian Transmuter)          Turns: 1383, Time: 00:03:04

Health: 0/30       AC:  7    Str: 12    XL:     3   Next: 0%
Magic:  3/6        EV: 12    Int: 14    God:
Gold:   126        SH:  0    Dex: 11    Spells: 2 memorised, 3 levels left

rFire  . . .     SeeInvis .       - Unarmed
rCold  . . .     Clarity  .     (armour unavailable)
rNeg   . . .     SustAb   .     (no shield)
rPois  .         Gourm    .     (helmet restricted)
rElec  .         Spirit   .     f - +0 cloak
rCorr  .         Warding  .     (no gloves)
rMut   .         Stasis   .     l - +0 pair of boots
MR     .....                    (no amulet)
Stlth  +.........               (no ring)
                                (no ring)

@: appendage, not resistant to hostile enchantments, very unstealthy
A: unfitting armour, horns 2, wild magic 1, cold-blooded, AC +5
a: End Transformation


You were on level 2 of the Dungeon.
You were not hungry.
You had grown temporary horns.
You visited 1 branch of the dungeon, and saw 2 of its levels.

You collected 126 gold pieces.

Inventory:

Missiles
 b - 64 arrows
Armour
 f - a +0 cloak (worn)
 l - a +0 pair of boots (worn)
Scrolls
 h - a scroll of remove curse
 j - a scroll of identify
Potions
 e - 3 potions of heal wounds
 g - a potion of flight
 k - a potion of brilliance
 m - 2 potions of curing
Books
 d - a book of Changes

   Spells                             Type                      Level
   a - Beastly Appendage              Transmutation                1
   b - Sticks to Snakes               Transmutation                2
   c - Spider Form                    Transmutation/Poison         3
   d - Ice Form                       Ice/Transmutation            4
   e - Blade Hands                    Transmutation                5
Comestibles
 a - 2 bread rations
 c - 2 meat rations
 i - 2 beef jerkies


   Skills:
 + Level 2.3 Fighting
 - Level 1.7 Dodging
 + Level 3.6 Unarmed Combat
 - Level 2.0 Spellcasting
 - Level 2.0 Transmutations


You had 3 spell levels left.
You knew the following spells:

 Your Spells              Type           Power        Failure   Level  Hunger
a - Beastly Appendage     Trmt           ##....       22%         1    ##.....
b - Sticks to Snakes      Trmt           ##........   30%         2    ###....


Dungeon Overview and Level Annotations

Branches:
Dungeon (2/15)

Altars:
Fedhas
Nemelex Xobeh


Innate Abilities, Weirdness & Mutations

Your plain brown scales are hard (AC +5).
Your body does not fit into most forms of armour.
Your cold-blooded metabolism reacts poorly to cold.
You have a pair of horns on your head.
Your spells are a little harder to cast, but a little more powerful.


Message History

You are now empty-handed.
Casting: Sticks to Snakes
Confirm with . or Enter, or press ? or * to list all spells.
You grow a pair of large bovine horns.
The worm closely misses you.
You barely miss the worm.
The worm is moderately wounded.
You hit the worm.
The worm is moderately wounded.
The worm bites you.
* * * LOW HITPOINT WARNING * * *
You hit the worm.
The worm is heavily wounded.
You hit the worm.
The worm is severely wounded.
The worm bites you but does no damage.
You barely miss the worm.
The worm is severely wounded.
The worm bites you!
You die...

*.,+.._###.# #..###.###.#
*****####..# *,* #.####
*****,,,,,.....###+###.....
*,,,,,,,,,..#..........####
*,**#,****#.#.#.......).###
*,* #.* #.#[##.###.#.....
*,* #.#####.#.##.....#..###
*,* #>...w@................
*,**###.###.#.########.##..
*,,,,,#.#...#.# #.###.
*****,#.#.###.# #.###.
*,#..<..#.########.##.#
*,#####.#..........####
*,,,,,#.############*,*
****,*#w# *,*
********,*#.#************,*


You could see a worm.

Vanquished Creatures
  A giant gecko (D:1)
  4 bats
  A giant cockroach (D:1)
  4 hobgoblins (D:1)
  2 jackals (D:1)
  4 kobolds
  A giant newt (D:1)
  4 goblins
  2 rats
23 creatures vanquished.

Vanquished Creatures (collateral kills)
  A giant newt (D:2)
1 creature vanquished.

Grand Total: 24 creatures vanquished

Notes
Turn   | Place    | Note
--------------------------------------------------------------
     0 | D:1      | vatarom, the Draconian Transmuter, began the quest for the Orb.
     0 | D:1      | Reached XP level 1. HP: 16/16 MP: 3/3
   335 | D:1      | Reached XP level 2. HP: 18/24 MP: 2/4
   339 | D:1      | Learned a level 2 spell: Sticks to Snakes
   350 | D:1      | Found a sparkling altar of Nemelex Xobeh.
  1147 | D:2      | Found a blossoming altar of Fedhas.
  1246 | D:2      | Gained mutation: Your spells are a little harder to cast, but a little more powerful. [potion of beneficial mutation]
  1349 | D:2      | Reached XP level 3. HP: 9/30 MP: 3/6
  1383 | D:2      | Slain by a worm

Action                   || total
-------------------------++-------
Melee: Unarmed           ||    93
 Cast: Beastly Appendage ||    10
       Sticks to Snakes  ||     2
  Use: Scroll            ||     6
       Potion            ||     6
  Eat: Bread ration      ||     1
